 Dungeon Crawl Stone Soup version 0.13-a0-2202-g857913d (webtiles) character file.

36 Bruce the Charmwright (level 1, -1/14 HPs)
             Began as a High Elf Skald on July 2, 2013.
             Slain by a kobold
             ... wielding a +0,+0 short sword
              (4 damage)
             ... on Level 1 of the Dungeon.
             The game lasted 00:00:38 (125 turns).

Bruce the Charmwright (High Elf Skald)               Turns: 125, Time: 00:00:38

HP  -1/14        AC  3     Str 11      XL: 1   Next: 33%
MP   1/3         EV 10     Int 15      God:
Gold 34          SH  0     Dex 14      Spells:  1 memorised,  3 levels left

Res.Fire  : . . .   See Invis. : .   a - +0 elf short sword
Res.Cold  : . . .   Warding    : .   b - +0 elf leather armour
Life Prot.: . . .   Conserve   : .   (no shield)
Res.Poison: .       Res.Corr.  : .   (no helmet)
Res.Elec. : .       Clarity    : .   (no cloak)
Sust.Abil.: . .     Spirit.Shd : .   (no gloves)
Res.Mut.  : .       Stasis     : .   (no boots)
Res.Rott. : .       Flight     : .   (no amulet)
Saprovore : . . .                    (no ring)
                                     (no ring)

@: not resistant to hostile enchantments, unstealthy
A: no striking features
a: no special abilities


You were on level 1 of the Dungeon.
You were not hungry.

You visited 1 branch of the dungeon, and saw 1 of its levels.

You collected 14 gold pieces.

Inventory:

Hand weapons
 a - a +0,+0 elven short sword (weapon)
Armour
 b - a +0 elven leather armour (worn)
Comestibles
 d - a bread ration
Scrolls
 e - a scroll of fog {unknown}
 g - a scroll of enchant weapon II {unknown}
Potions
 f - a potion of curing {unknown}
 h - a potion of restore abilities {unknown}
Books
 c - a book of Battle

   Spells                             Type                      Level
   *Infusion                          Charms                       1
   Shroud of Golubria                 Charms/Translocation         2
   Song of Slaying                    Charms                       2
   Spectral Weapon                    Hexes/Charms                 3
   Regeneration                       Charms/Necromancy            3
   Song of Shielding                  Charms                       5


   Skills:
 + Level 2.1 Fighting
 + Level 2.4 Short Blades
 - Level 1.0 Armour
 - Level 1.1 Dodging
 + Level 2.4 Spellcasting
 - Level 3.7 Charms


You had 3 spell levels left.
You knew the following spells:

 Your Spells              Type           Power        Failure   Level  Hunger
a - Infusion              Chrm           ##....       6%          1    #......


Dungeon Overview and Level Annotations

Branches:
Dungeon (1/27)

Altars:


Message History

The kobold throws a dart.
The dart misses you.
A goblin comes into view. It is wielding an orcish dagger.
The goblin shouts!
The bat hits you.
Casting: Infusion
Confirm with . or Enter, or press ? or * to list all spells.
Your attacks are magically infused.
The goblin hits you but does no damage.
You hit the goblin.
You kill the goblin!
The kobold throws a dart.
The dart misses you. The kobold hits you with a short sword.
* * * LOW HITPOINT WARNING * * *
Things that are here:
an orcish dagger; a goblin corpse You closely miss the kobold.
The kobold barely misses you.
You are too injured to fight recklessly!
You barely miss the kobold. The kobold barely misses you.
You closely miss the kobold. The kobold hits you with a short sword.
You die...

.#.#.#
.......)#.#......#...#
.#.#.#
......(..#.#......#...#
.#.#.#
.........#.#......#...#
.#.#.#
.........#.#.....)#...#
.#.#.#
..........#.#......#...#
.#.#.#
#.([.............#
.....#
#.###.#....>.#...# #.#
#.#...(..#...# #@#
#.###.####...#
........K# #.# #.# #####
........# #.# #.#
........# #.# .#
........# #.# .#
........ . . .......
.....# ..#


You could see a kobold.

Vanquished Creatures
  3 goblins (D:1)
3 creatures vanquished.

Notes
Turn   | Place    | Note
--------------------------------------------------------------
     0 | D:1      | Bruce, the High Elf Skald, began the quest for the Orb.
     0 | D:1      | Reached XP level 1. HP: 14/14 MP: 3/3
     2 | D:1      | Noticed a troll zombie
     5 | D:1      | Noticed an ogre skeleton
     6 | D:1      | Noticed a centaur skeleton
     7 | D:1      | Noticed an octopode zombie
     8 | D:1      | Noticed an ogre
    10 | D:1      | Noticed an elf zombie
    14 | D:1      | Noticed a dwarf zombie
    14 | D:1      | Noticed an ogre
    16 | D:1      | Noticed a felid zombie
    16 | D:1      | Noticed a merfolk skeleton
    16 | D:1      | Noticed a merfolk zombie
    18 | D:1      | Noticed an octopode
    18 | D:1      | Noticed a human skeleton
    19 | D:1      | Noticed a minotaur zombie
    36 | D:1      | Reached skill level 1 in Armour
   125 | D:1      | Slain by a kobold

Action                   || total
-------------------------++-------
Melee: Short sword       ||     9
 Cast: Infusion          ||     1
